[Event "Elitserien 2019/2020, round 1-3"]
[Site "Uppsala University, Gamla torget, Uppsala, Sweden"]
[Date "2019.10.18"]
[Round "1.1"]
[White "Neiksans, Arturs"]
[Black "Jepson, Christian"]
[Result "1-0"]
[TimeControl "90 minutes for 40 moves + 30 minutes for the rest of the game + 30 seconds per move from move one."]
[WhiteTitle "GM"]
[BlackTitle "IM"]
[WhiteFideId "11601388"]
[BlackFideId "1701185"]
[WhiteElo "2577"]
[BlackElo "2387"]

1. e4 d6 2. d4 Nf6 3. Nc3 g6 4. Nf3 Bg7 5. Be3 c6 6. h3 b5 7. e5 Nfd7 8. exd6 exd6 9. Bf4 O-O 10.
Be2 Nf6 11. O-O b4 12. Na4 Nd5 13. Bh2 Bh6 14. a3 a5 15. Re1 Na6 16. c4 Nf4 17. Bf1 Bb7 18. c5 Rb8 19. cxd6 Qxd6 20.
Ne5 Rbd8 21. Qf3 g5 22. h4 f6 23. Bxf4 gxf4 24. Bc4+ Kh8 25. Nf7+ Rxf7 26. Bxf7 Qf8 27. Bb3 Qg7 28.
Nc5 Bc8 29. Be6 bxa3 30. bxa3 Nxc5 31. dxc5 Ba6 32. Rad1 Re8 33. Bf5 1-0

[Event "Elitserien 2019/2020, round 1-3"]
[Site "Uppsala University, Gamla torget, Uppsala, Sweden"]
[Date "2019.10.18"]
[Round "1.2"]
[White "Johansson, Linus"]
[Black "Hammer, Jon Ludvig"]
[Result "1/2-1/2"]
[TimeControl "90 minutes for 40 moves + 30 minutes for the rest of the game + 30 seconds per move from move one."]
[WhiteTitle "IM"]
[BlackTitle "GM"]
[WhiteFideId "1711113"]
[BlackFideId "1503707"]
[WhiteElo "2467"]
[BlackElo "2635"]

1. Nf3 d5 2. c4 d4 3. b4 c5 4. e3 dxe3 5. fxe3 cxb4 6. d4 g6 7. Qa4+ Nc6 8. d5 Qa5 9. Qb3 Nb8 10.
Bb2 Nf6 11. e4 Na6 12. Nbd2 Nc5 13. Qe3 Na4 14. Bd4 Ng4 15. Qb3 e5 16. Nxe5 Bc5 17. Bxc5 Nxc5 18. Qg3 b3 19. Nxg4 Bxg4 20.
Qe5+ Kd7 21. axb3 Qb4 22. Qf4 Nxe4 23. Qxg4+ f5 24. Qf4 Rhe8 25. O-O-O Qc3+ 26. Kb1 a5 27. c5 Nxd2+ 28. Qxd2 Qxb3+ 29. Kc1 Re4 30. Qb2 Qe3+ 31.
Rd2 Qxc5+ 32. Kd1 Rb4 33. Qg7+ Qe7 34. Qxe7+ Kxe7 35. Bd3 Kd6 36. Re1 a4 37. Kc1 a3 38. Bb1 Rc8+ 39. Rc2 Rbc4 40.
Ree2 Rxc2+ 41. Bxc2 b5 42. Kb1 Kxd5 43. Ka2 b4 44. Bb3+ Kd4 45. Re7 Rh8 46. Rb7 Kc5 47. Rc7+ Kb6 48.
Rc2 Rd8 49. Bc4 Ka5 50. Re2 Ka4 51. h3 Rd4 52. Bb3+ Kb5 53. Re5+ Kb6 54. Re6+ Kb5 55. Re5+ Kb6 56. Re6+ Kb5 57.
Re5+ 1/2-1/2

[Event "Elitserien 2019/2020, round 1-3"]
[Site "Uppsala University, Gamla torget, Uppsala, Sweden"]
[Date "2019.10.18"]
[Round "1.3"]
[White "Blomqvist, Erik"]
[Black "Brynell, Stellan"]
[Result "1/2-1/2"]
[TimeControl "90 minutes for 40 moves + 30 minutes for the rest of the game + 30 seconds per move from move one."]
[WhiteTitle "GM"]
[BlackTitle "GM"]
[WhiteFideId "1709437"]
[BlackFideId "1700219"]
[WhiteElo "2519"]
[BlackElo "2408"]

1. e4 e6 2. d4 d5 3. e5 c5 4. c3 Nc6 5. Nf3 Qb6 6. a3 c4 7. Nbd2 f6 8. Be2 fxe5 9. Nxe5 Nxe5 10.
dxe5 Bc5 11. O-O Ne7 12. b4 cxb3 13. Nxb3 O-O 14. Nxc5 Qxc5 15. c4 dxc4 16. a4 Qxe5 17. Ba3 Qf6 18.
Bxc4 Re8 19. Re1 Nc6 20. Qh5 Qf7 21. Qh4 Qf6 22. Qe4 Bd7 23. Rad1 Rad8 24. Rd3 Bc8 25. Bd6 Ne7 26. Red1 Qf5 27.
Qh4 Ng6 28. Qg3 a6 29. Bc7 Rxd3 30. Bxd3 Qh5 31. Re1 b5 32. axb5 axb5 33. Rb1 Bd7 1/2-1/2

[Event "Elitserien 2019/2020, round 1-3"]
[Site "Uppsala University, Gamla torget, Uppsala, Sweden"]
[Date "2019.10.18"]
[Round "1.4"]
[White "Lindgren, Philip"]
[Black "Wiedenkeller, Michael"]
[Result "0-1"]
[TimeControl "90 minutes for 40 moves + 30 minutes for the rest of the game + 30 seconds per move from move one."]
[WhiteTitle "IM"]
[BlackTitle "IM"]
[WhiteFideId "1713230"]
[BlackFideId "1700146"]
[WhiteElo "2348"]
[BlackElo "2459"]

1. d4 d5 2. c4 dxc4 3. e4 Nf6 4. e5 Nd5 5. Bxc4 Bf5 6. Ne2 e6 7. O-O Nb6 8. Bb3 Nc6 9. a3 Qd7 10.
Nbc3 O-O-O 11. Be3 Kb8 12. Qc1 f6 13. Rd1 Qe8 14. exf6 gxf6 15. d5 exd5 16. Nxd5 Bd6 17. Ng3 Bxg3 18.
hxg3 Nxd5 19. Rxd5 Rxd5 20. Bxd5 Be4 21. Bb3 Qg6 22. Qe1 Ne5 23. Qc3 Ng4 24. Rc1 Bc6 25. Bd5 Ne5 26. Qd4 Bxd5 27.
Qxd5 Rc8 28. Qd4 b6 29. Bf4 Qh5 30. a4 Qe8 31. a5 Qb5 32. axb6 axb6 33. Qe4 Qxb2 34. Rb1 Qa2 35. Qxh7 Qd5 36.
Qg7 Qe6 37. Be3 Ng4 38. Bf4 Ne5 39. Qh7 Rd8 40. Qe4 Qd5 41. Qa4 Qd7 42. Qa2 Qd5 43. Qa4 Qa8 44. Qb5 Qe4 45. Ra1 Qc2 46.
Qf1 Nd3 47. Rd1 Rd5 48. Rd2 Qc4 49. Be3 Kb7 50. g4 Qb5 51. Qa1 Ne5 52. Ra2 Nc6 53. Rc2 Ne5 54. Ra2 Nxg4 55. Ra7+ Kc8 56.
Ra8+ Kd7 57. Rg8 Qb3 58. Rg7+ Ke6 59. Bd4 Rxd4 60. Qe1+ Ne5 0-1

[Event "Elitserien 2019/2020, round 1-3"]
[Site "Uppsala University, Gamla torget, Uppsala, Sweden"]
[Date "2019.10.18"]
[Round "1.5"]
[White "Hedman, Erik"]
[Black "Schneider, Stefan"]
[Result "0-1"]
[TimeControl "90 minutes for 40 moves + 30 minutes for the rest of the game + 30 seconds per move from move one."]
[WhiteTitle "IM"]
[BlackTitle "IM"]
[WhiteFideId "1702351"]
[BlackFideId "1703013"]
[WhiteElo "2371"]
[BlackElo "2378"]

1. d4 Nf6 2. c4 e6 3. Nf3 Bb4+ 4. Nbd2 O-O 5. a3 Be7 6. e4 d6 7. Bd3 e5 8. d5 a5 9. b3 Nbd7 10.
O-O Nh5 11. Bc2 g6 12. Bb2 f6 13. b4 Rf7 14. c5 dxc5 15. d6 Bxd6 16. Bb3 Qf8 17. Nc4 a4 18. Nxd6 axb3 19. Nxf7 Qxf7 20.
bxc5 Nxc5 21. Qd8+ Qf8 22. Qxc7 Nf4 23. Rfd1 Bg4 24. Ng5 fxg5 25. Qxe5 Bxd1 26.
Rxd1 Nfd3 27. Qh8+ Kf7 28. Qxh7+ Ke8 29. Bd4 Ra6 30. Qh3 b2 31. Bxc5 Qxc5 32. Qh8+ Qf8 33. Qd4 Qd6 34. Qh8+ Qf8 35.
Qd4 Rd6 36. Qa4+ Ke7 37. f3 Qf6 0-1

[Event "Elitserien 2019/2020, round 1-3"]
[Site "Uppsala University, Gamla torget, Uppsala, Sweden"]
[Date "2019.10.18"]
[Round "1.6"]
[White "Haubro, Martin"]
[Black "Barkhagen, Jonas"]
[Result "0-1"]
[TimeControl "90 minutes for 40 moves + 30 minutes for the rest of the game + 30 seconds per move from move one."]
[WhiteTitle "IM"]
[BlackTitle "IM"]
[WhiteFideId "1414291"]
[BlackFideId "1700855"]
[WhiteElo "2343"]
[BlackElo "2427"]

1. e4 c5 2. Nf3 d6 3. d4 cxd4 4. Nxd4 Nf6 5. Nc3 Nc6 6. Bg5 e6 7. Qd2 a6 8. O-O-O Bd7 9. f4 b5 10.
Nf3 b4 11. Bxf6 gxf6 12. Ne2 Qb6 13. Kb1 a5 14. f5 e5 15. g4 Qf2 16. Qd3 b3 17. Qxb3 Rb8 18. Qc3 Nb4 19. Rd2 Qb6 20.
a3 Na6 21. Ng3 Nc5 22. b3 Na4 23. Qa1 Qc5 24. Bd3 Bh6 25. Rdd1 Ke7 26. h4 Nc3+ 27. Kb2 a4 28. g5 axb3 29.
gxf6+ Kxf6 30. Nh5+ Ke7 31. f6+ Ke6 0-1

[Event "Elitserien 2019/2020, round 1-3"]
[Site "Uppsala University, Gamla torget, Uppsala, Sweden"]
[Date "2019.10.18"]
[Round "1.7"]
[White "Karlsson, Lars"]
[Black "Helgason, Reynir"]
[Result "1/2-1/2"]
[TimeControl "90 minutes for 40 moves + 30 minutes for the rest of the game + 30 seconds per move from move one."]
[WhiteTitle "GM"]
[BlackTitle "FM"]
[WhiteFideId "1700057"]
[BlackFideId "1700600"]
[WhiteElo "2449"]
[BlackElo "2253"]

1. f4 d5 2. Nf3 c6 3. b3 Nf6 4. Bb2 g6 5. g3 Bg7 6. Bg2 Qb6 7. e3 Bg4 8. Qc1 Bxf3 9. Bxf3 O-O 10.
c4 Na6 11. O-O Rfd8 12. cxd5 Nxd5 13. Bxg7 Kxg7 14. Nc3 Nab4 15. a3 Na6 16. b4 Kg8 17. d4 Nxc3 18. Qxc3 Nc7 19. Qc5 Nd5 20. Rfe1 Qxc5 21. bxc5 b5 22.
e4 Nc7 23. Red1 Ne6 24. d5 cxd5 25. c6 dxe4 26. Bxe4 Rac8 27. Rac1 Rd6 28. Rxd6 exd6 1/2-1/2

[Event "Elitserien 2019/2020, round 1-3"]
[Site "Uppsala University, Gamla torget, Uppsala, Sweden"]
[Date "2019.10.18"]
[Round "1.8"]
[White "Penalver, Osmani"]
[Black "Bator, Robert"]
[Result "0-1"]
[TimeControl "90 minutes for 40 moves + 30 minutes for the rest of the game + 30 seconds per move from move one."]
[BlackTitle "IM"]
[WhiteFideId "1704516"]
[BlackFideId "1700405"]
[WhiteElo "2224"]
[BlackElo "2358"]

1. d4 d5 2. c4 c6 3. Nf3 Nf6 4. e3 Bf5 5. Nc3 a6 6. Qb3 Ra7 7. cxd5 cxd5 8. Qa4+ Bd7 9. Qb3 e6 10.
Ne5 Nc6 11. Nxc6 bxc6 12. Be2 c5 13. dxc5 Bxc5 14. O-O O-O 15. Rd1 Qa8 16. Bf3 Rc8 17. a3 Bc6 18. Bd2 Bd6 19. Be1 Rb7 20.
Qa2 Qb8 21. b4 Bxh2+ 22. Kh1 Be5 23. Rac1 Rbc7 24. Qb3 g5 25. g3 Bb5 26. Kg1 h5 27. a4 Bc4 28. Qa3 Bd6 29. Nb1 g4 30.
Qb2 Nd7 31. Be2 Ne5 32. Bc3 Bxe2 33. Qxe2 Nf3+ 34. Kg2 Bxb4 35. Bb2 Rxc1 36. Bxc1 Qb7 37. Bb2 d4 38. e4 Bc3 39. Ba3 Ng5 40.
Nxc3 dxc3 41. Rd4 Qb1 42. Qe3 Nf3 43. Bc1 Qb6 44. Rc4 Qd8 45. Qxc3 Rxc4 46. Qxc4 Qd1 47. Qf1 Ne1+ 0-1

[Event "Elitserien 2019/2020, round 1-3"]
[Site "Uppsala University, Gamla torget, Uppsala, Sweden"]
[Date "2019.10.18"]
[Round "1.9"]
[White "Solodovnichenko, Yuri"]
[Black "Suarez Garcia, Carlos"]
[Result "1-0"]
[TimeControl "90 minutes for 40 moves + 30 minutes for the rest of the game + 30 seconds per move from move one."]
[WhiteTitle "GM"]
[BlackTitle "IM"]
[WhiteFideId "14104369"]
[BlackFideId "22230858"]
[WhiteElo "2568"]
[BlackElo "2437"]

1. e4 c5 2. Nf3 e6 3. d4 cxd4 4. Nxd4 Nc6 5. Nc3 Qc7 6. Be3 a6 7. Qd2 Nf6 8. O-O-O Bb4 9. f3 O-O 10.
Kb1 Ne5 11. g4 Bxc3 12. Qxc3 Qxc3 13. bxc3 b5 14. Bf4 Nc4 15. Bxc4 bxc4 16. Bd6 Rd8 17. g5 Nh5 18. Ka1 f6 19.
gxf6 Nxf6 20. Rb1 Kf7 21. Rb6 Ne8 22. Bg3 d6 23. Rhb1 e5 24. Nc6 Rd7 25. Na5 Rc7 26. f4 Rc5 27.
Nb7 exf4 28. Bxf4 Bxb7 29. Rxb7+ Ke6 30. R1b6 Rb5 31. a4 Rxb6 32. Rxb6 Ra7 33. Bg3 g5 34. e5 h5 35. exd6 Rd7 36.
Rxa6 h4 37. Bf2 Rxd6 38. Ra8 Nc7 39. Rg8 Ra6 40. Rxg5 Rxa4+ 41. Kb2 Nd5 42. Rh5 Ra8 43. Rxh4 Rf8 44. Bg3 Nb6 45. Rh6+ Rf6 46.
Rxf6+ Kxf6 47. Ka3 Ke6 48. Kb4 Kd5 49. h4 Nd7 50. h5 Nf6 51. h6 Nh7 52. Kb5 Ng5 53. Bh4 Nh7 54. Kb6 Kd6 55.
Bg3 Kd5 56. Kc7 1-0

[Event "Elitserien 2019/2020, round 1-3"]
[Site "Uppsala University, Gamla torget, Uppsala, Sweden"]
[Date "2019.10.18"]
[Round "1.10"]
[White "Grigorov, Grigor"]
[Black "Golubka, Petro"]
[Result "1/2-1/2"]
[TimeControl "90 minutes for 40 moves + 30 minutes for the rest of the game + 30 seconds per move from move one."]
[WhiteTitle "GM"]
[BlackTitle "IM"]
[WhiteFideId "2907313"]
[BlackFideId "14114224"]
[WhiteElo "2504"]
[BlackElo "2479"]

1. d4 d5 2. c4 dxc4 3. e3 Nf6 4. Bxc4 e6 5. Nf3 c5 6. O-O a6 7. dxc5 Bxc5 8. Qxd8+ Kxd8 9. Ne5 Ke7 10.
Be2 Nbd7 11. Nd3 b6 12. Nxc5 bxc5 13. Nc3 a5 14. b3 Ba6 15. Bxa6 Rxa6 16. Ba3 Nd5 17. Rac1 Rc8 18. Rfd1 Nxc3 19.
Rxc3 Rd6 20. Rxd6 Kxd6 21. Kf1 Nb6 22. Ke2 1/2-1/2

[Event "Elitserien 2019/2020, round 1-3"]
[Site "Uppsala University, Gamla torget, Uppsala, Sweden"]
[Date "2019.10.18"]
[Round "1.11"]
[White "Lindberg, Bengt"]
[Black "Sagit, Rauan"]
[Result "1-0"]
[TimeControl "90 minutes for 40 moves + 30 minutes for the rest of the game + 30 seconds per move from move one."]
[WhiteTitle "IM"]
[BlackTitle "IM"]
[WhiteFideId "1700359"]
[BlackFideId "1708376"]
[WhiteElo "2397"]
[BlackElo "2443"]

1. e4 c5 2. Nf3 d6 3. d4 cxd4 4. Nxd4 Nf6 5. Nc3 a6 6. Be3 e5 7. Nb3 Be6 8. f3 h5 9. Nd5 Bxd5 10.
exd5 Nbd7 11. Qd2 Qc7 12. Na5 Rc8 13. c4 g6 14. Be2 Bg7 15. Rc1 O-O 16. O-O b6 17. Nc6 Nb8 18. Nxb8 Rxb8 19.
b4 Qd7 20. Rfd1 Rfd8 21. h3 Kh7 22. Bd3 b5 23. Bg5 bxc4 24. Rxc4 Rdc8 25. Rxc8 Qxc8 26. a3 Qb7 27. Be3 Re8 28.
Bc4 Rc8 29. Qd3 Ra8 30. Rb1 Bh6 31. Bf2 Kg7 32. a4 Bf4 33. a5 Qc8 34. Rb3 Nd7 35. Qf1 Bg5 36. Rb1 Bd8 37. Bb3 Nf6 38.
Qd3 Qb7 39. Bc4 Qc8 40. Bb3 Qb7 41. Bc4 Qc8 42. Be3 Nd7 43. Bb3 Qb7 44. Ba4 Nb8 45. Qb3 f5 46. Rc1 f4 47. Bf2 Nd7 48.
Bc6 Qc7 49. Qc4 Rb8 50. Rb1 Qc8 51. Qd3 Nf6 52. Ba7 Ra8 53. Bxa8 Qxa8 54. Bf2 g5 55. Rc1 Nxd5 56. Qe4 Kf6 57.
Rd1 Ke6 58. Qc4 Qb7 59. Kf1 Qa8 60. Bb6 Bf6 61. Kg1 Qb7 62. b5 axb5 63. Qxb5 1-0

[Event "Elitserien 2019/2020, round 1-3"]
[Site "Uppsala University, Gamla torget, Uppsala, Sweden"]
[Date "2019.10.18"]
[Round "1.12"]
[White "Wedberg, Tom"]
[Black "Alle Wahlin, Ambjorn"]
[Result "1-0"]
[TimeControl "90 minutes for 40 moves + 30 minutes for the rest of the game + 30 seconds per move from move one."]
[WhiteTitle "GM"]
[WhiteFideId "1700073"]
[BlackFideId "1714805"]
[WhiteElo "2414"]
[BlackElo "2256"]

1. e4 c6 2. d4 d5 3. Nd2 dxe4 4. Nxe4 Nf6 5. Nxf6+ exf6 6. Be2 Bd6 7. Bf3 O-O 8. Ne2 Re8 9.
O-O Nd7 10. c4 f5 11. Be3 Nf6 12. g3 Ng4 13. Bf4 g5 14. Bxd6 Qxd6 15. Nc3 Bd7 16. Bxg4 fxg4 17. Qd2 h6 18.
Rfe1 Bf5 19. Re3 Red8 20. Rae1 a5 21. b3 Qb4 22. Re5 Bg6 23. Qe3 Qa3 24. d5 Kh7 25. Qd4 Qf8 26. Re7 a4 27.
d6 axb3 28. axb3 b5 29. cxb5 cxb5 30. Nxb5 Qg7 31. Qc5 Ra1 32. Nd4 Rxe1+ 33. Rxe1 Qf6 34. Nb5 Qf3 35. Qe5 Qxb3 36. Qe7 Qb4 37.
Rc1 Rb8 38. Nc7 Qd2 39. Rf1 Qb4 40. Nd5 Qd4 41. Nf6+ Kg7 42. Ne8+ Rxe8 43. Qxe8 Qxd6 44. Re1 Bf5 45. Qe5+ Qxe5 46.
Rxe5 Kf6 47. Re3 Be6 48. Kf1 Bc4+ 49. Ke1 Be6 50. Kd2 Bd5 51. Kc3 Be6 52. Kd4 Ba2 53. Ra3 Be6 54. Ra6 Kf5 55.
Ra5+ Kf6 56. Ke4 Bb3 57. Ra6+ Kg7 58. Kf5 Bd1 59. Rd6 Be2 60. Rd8 Bc4 61. Kxg4 Kg6 62. Kf3 Bb3 63. Ke3 Kh5 64.
Rh8 Ba2 65. Kd4 Kg6 66. Ra8 Bb3 67. Ra3 Bd1 68. Ke5 Bc2 69. Ra6+ Kg7 70. f4 gxf4 71. gxf4 Bb3 72. f5 Bc4 73.
Rb6 Be2 74. Rc6 Bd1 75. Rc3 Be2 76. Rg3+ Kf8 77. Kf6 1-0

[Event "Elitserien 2019/2020, round 1-3"]
[Site "Uppsala University, Gamla torget, Uppsala, Sweden"]
[Date "2019.10.18"]
[Round "1.13"]
[White "Rydstrom, Tom"]
[Black "Bellon Lopez, Juan Manuel"]
[Result "0-1"]
[TimeControl "90 minutes for 40 moves + 30 minutes for the rest of the game + 30 seconds per move from move one."]
[WhiteTitle "FM"]
[BlackTitle "GM"]
[WhiteFideId "1714830"]
[BlackFideId "2200031"]
[WhiteElo "2322"]
[BlackElo "2334"]

1. e4 c5 2. Nf3 e6 3. d4 cxd4 4. Nxd4 a6 5. Nc3 Qc7 6. g3 Nf6 7. Bg2 Nc6 8. Nb3 d6 9. O-O Be7 10.
f4 O-O 11. Be3 Rb8 12. g4 b5 13. g5 Nd7 14. a3 Nb6 15. f5 Nc4 16. Bc1 Re8 17. Rf3 N6e5 18. Rh3 g6 19. f6 Bf8 20.
Qe1 Qa7+ 21. Kh1 h5 22. gxh6 Kh7 23. Rg3 d5 24. h4 Bd6 25. h5 Bb7 26. Nd2 d4 27. Nd1 Rg8 28. b3 Nxd2 29.
Bxd2 Nd7 30. hxg6+ fxg6 31. Rf3 Ne5 32. Rf1 Rbf8 33. Nb2 g5 34. Bb4 Qb8 35. Rd1 Bxb4 36. axb4 Ng4 37. e5 Bxg2+ 38. Kxg2 Ne3+ 39. Kg1 Qxe5 40. Rd2 Rg6 41. f7 Qe4 42. Qe2 Qh4 43. Rf2 Qg3+ 0-1

[Event "Elitserien 2019/2020, round 1-3"]
[Site "Uppsala University, Gamla torget, Uppsala, Sweden"]
[Date "2019.10.18"]
[Round "1.14"]
[White "Moreau, Teodor"]
[Black "Sevastianov, Andrii"]
[Result "1/2-1/2"]
[TimeControl "90 minutes for 40 moves + 30 minutes for the rest of the game + 30 seconds per move from move one."]
[WhiteTitle "FM"]
[WhiteFideId "1701177"]
[BlackFideId "1730240"]
[WhiteElo "2339"]
[BlackElo "2118"]

1. d4 Nf6 2. c4 g6 3. Nc3 Bg7 4. e4 d6 5. Be2 O-O 6. Nf3 e5 7. O-O Nc6 8. d5 Ne7 9. Nd2 Ne8 10.
b4 f5 11. c5 g5 12. exf5 Nxf5 13. Nde4 h6 14. Bd2 Nd4 15. Bg4 c6 16. dxc6 Bxg4 17. Qxg4 d5 18. cxb7 Rb8 19. Ng3 Rxb7 20.
Rab1 Rf3 21. Nh5 Rd3 22. Rfd1 e4 23. Be1 Rxd1 24. Qxd1 Be5 25. Qg4 Rf7 26. Rd1 Nc7 27. Ne2 Nce6 28.
Nhg3 Qf6 29. Nc3 Nc7 30. h4 Nc2 31. Nh5 Qf5 32. Qxf5 Rxf5 33. g4 Nxe1 34. gxf5 Nf3+ 35. Kf1 Bxc3 36.
hxg5 hxg5 37. b5 Bd4 38. b6 axb6 39. cxb6 Bxb6 40. Nf6+ Kf7 41. Nxd5 Nxd5 42. Rxd5 g4 43. Rd7+ Ke8 44.
Rb7 Nd2+ 45. Ke2 Nc4 46. a4 Kf8 47. Rxb6 Nxb6 48. a5 Nc8 49. Ke3 Na7 50. Kxe4 Nc6 51. a6 Kf7 52. Kf4 Kf6 53.
Kxg4 Na7 54. Kf4 Nc6 55. Ke4 Kf7 56. Ke3 Kf6 57. Kf4 Na7 58. f3 Nc6 59. Ke4 Kf7 60. Ke3 Kf6 61. Kd2 Kxf5 62.
Kc3 Ke5 63. Kc4 Kd6 64. f4 Kc7 65. Kd5 Nb4+ 66. Ke6 Nxa6 1/2-1/2

[Event "Elitserien 2019/2020, round 1-3"]
[Site "Uppsala University, Gamla torget, Uppsala, Sweden"]
[Date "2019.10.18"]
[Round "1.15"]
[White "Olofsson-Dolk, Mattis"]
[Black "Grandell, Anders"]
[Result "1-0"]
[TimeControl "90 minutes for 40 moves + 30 minutes for the rest of the game + 30 seconds per move from move one."]
[BlackTitle "FM"]
[WhiteFideId "1715178"]
[BlackFideId "1709771"]
[WhiteElo "2209"]
[BlackElo "2289"]

1. e4 c5 2. Nf3 g6 3. d4 cxd4 4. Nxd4 Nc6 5. c4 Nf6 6. Nc3 d6 7. Nc2 Bg7 8. Be2 O-O 9. O-O Nd7 10.
Bd2 a5 11. Rc1 Nc5 12. b3 Nb4 13. Ra1 f5 14. exf5 Nxc2 15. Qxc2 Bxf5 16. Qc1 a4 17. b4 Nd3 18. Qa3 Bd4 19.
Bh6 e5 20. Bxf8 Qxf8 21. Rad1 Nf4 22. Bf3 Be6 23. Nb5 Bxc4 24. Nxd4 Bxf1 25. Kxf1 exd4 26. Rxd4 Qf6 27. Qe3 Rf8 28.
Bxb7 Kg7 29. Bf3 d5 30. b5 a3 31. Rd1 Rb8 32. g3 Ne6 33. Rxd5 Rf8 34. Kg2 Kh8 35. Rd6 Re8 36. Bd5 Qd4 37.
Bxe6 1-0

[Event "Elitserien 2019/2020, round 1-3"]
[Site "Uppsala University, Gamla torget, Uppsala, Sweden"]
[Date "2019.10.18"]
[Round "1.16"]
[White "Cramling, Dan"]
[Black "Gonzalez, Emilio"]
[Result "1/2-1/2"]
[TimeControl "90 minutes for 40 moves + 30 minutes for the rest of the game + 30 seconds per move from move one."]
[WhiteTitle "IM"]
[WhiteFideId "1700162"]
[BlackFideId "1721062"]
[WhiteElo "2322"]
[BlackElo "1936"]

1. d4 Nf6 2. c4 e6 3. Nc3 Bb4 4. e3 b6 5. Nge2 c5 6. a3 Ba5 7. Rb1 Qe7 8. Bd2 O-O 9. b4 cxb4 10.
axb4 Bxb4 11. Rxb4 Qxb4 12. Nd5 Qxc4 13. Nxf6+ gxf6 14. Nf4 Qa2 15. Bd3 Ba6 16. Bxh7+ Kxh7 17. Qh5+ Kg8 18. Qg4+ Kh7 19.
Qh4+ Kg8 20. Qg3+ Kh7 21. Qh3+ Kg8 22. Qg4+ Kh7 23. Qh4+ Kg8 1/2-1/2

[Event "Elitserien 2019/2020, round 1-3"]
[Site "Uppsala University, Gamla torget, Uppsala, Sweden"]
[Date "2019.10.18"]
[Round "1.17"]
[White "Heberla, Bartlomiej"]
[Black "Westerberg, Jonathan"]
[Result "1/2-1/2"]
[TimeControl "90 minutes for 40 moves + 30 minutes for the rest of the game + 30 seconds per move from move one."]
[WhiteTitle "GM"]
[BlackTitle "IM"]
[WhiteFideId "1115120"]
[BlackFideId "1701754"]
[WhiteElo "2552"]
[BlackElo "2546"]

1. d4 d5 2. Nf3 Nf6 3. e3 e6 4. c4 a6 5. b3 c5 6. cxd5 exd5 7. Bd3 Nc6 8. Bb2 Bg4 9. dxc5 Bxc5 10.
O-O O-O 11. h3 Bh5 12. Nbd2 Ba7 13. Qb1 Bg6 14. Bxg6 hxg6 15. Qd3 Re8 16. Rad1 Ne4 17. Nxe4 dxe4 18. Qc3 Qf6 19. Nd2 Qxc3 20.
Bxc3 b5 21. b4 Bb8 22. a3 a5 23. bxa5 Nxa5 24. Rb1 Nc4 25. Rxb5 Nxd2 26. Bxd2 Rxa3 27. Rfb1 Be5 28. Bc1 Rd3 29.
Bb2 Bxb2 30. R1xb2 Red8 31. Re5 f5 32. g4 R3d5 33. Rb5 Rxb5 34. Rxb5 Rf8 35. Kg2 Kh7 36. Rb6 fxg4 37. hxg4 Re8 38.
Kg3 Kh6 39. Kh4 Rf8 40. Kg3 Re8 41. Ra6 Re7 42. Ra8 g5 43. Ra5 g6 44. Kg2 Ra7 45. Re5 Re7 46. Rd5 Rd7 47. Rd4 Re7 48.
Rd5 Rd7 49. Rd4 Re7 50. Rd8 Kg7 51. Rd6 Kf7 52. f3 exf3+ 53. Kxf3 Ra7 54. Ke4 Ra3 55. Rd3 Ra4+ 56. Rd4 Ra3 57.
Rc4 Ke6 58. Rc6+ Kf7 59. Kd4 Ra4+ 60. Rc4 Ra3 61. e4 Rg3 62. Kd5 Rxg4 63. Rc7+ Ke8 64. Rc8+ Kd7 65. Rg8 Rg1 66. Rg7+ Ke8 67.
Ke6 Kf8 68. Rxg6 g4 69. e5 g3 70. Rg4 g2 71. Rg3 Ra1 72. Rxg2 Ra6+ 73. Kf5 Ke7 74. Rg7+ Ke8 75. Rb7 Rc6 76.
e6 Rc1 77. e7 Rf1+ 78. Ke4 Re1+ 79. Kd4 Rxe7 80. Rxe7+ Kxe7 81. Ke4 1/2-1/2

[Event "Elitserien 2019/2020, round 1-3"]
[Site "Uppsala University, Gamla torget, Uppsala, Sweden"]
[Date "2019.10.18"]
[Round "1.18"]
[White "Hauge, Lars Oskar"]
[Black "Gajic, Mladen"]
[Result "1-0"]
[TimeControl "90 minutes for 40 moves + 30 minutes for the rest of the game + 30 seconds per move from move one."]
[WhiteTitle "IM"]
[BlackTitle "FM"]
[WhiteFideId "1509276"]
[BlackFideId "1709178"]
[WhiteElo "2483"]
[BlackElo "2303"]

1. f4 b6 2. e4 Bb7 3. Nc3 e6 4.
Nf3 Bb4 5. Bd3 Na6 6. a3 Bxc3 7. dxc3 Nc5 8. Qe2 Ne7 9. b4 Nxd3+ 10. cxd3 O-O 11. O-O f5 12. c4 Qe8 13. Qe3 fxe4 14.
dxe4 Qg6 15. Re1 d6 16. Ra2 a5 17. Rf2 h6 18. Bb2 Qg4 19. Nd4 e5 20. fxe5 Rxf2 21. Qxf2 dxe5 22. Nf3 Ng6 23.
Nxe5 Nxe5 24. Bxe5 axb4 25. axb4 Bxe4 26. h3 Qg6 27. Re3 Qf5 28. Qg3 g6 29. Re2 c5 30. Bb2 Rd8 31. Kh2 cxb4 32.
Qc7 Qd7 33. Qe5 Qd6 34. Rxe4 Qxe5+ 35. Rxe5 1-0

[Event "Elitserien 2019/2020, round 1-3"]
[Site "Uppsala University, Gamla torget, Uppsala, Sweden"]
[Date "2019.10.18"]
[Round "1.19"]
[White "Gdanski, Jacek"]
[Black "Seo, Jung Min"]
[Result "1/2-1/2"]
[TimeControl "90 minutes for 40 moves + 30 minutes for the rest of the game + 30 seconds per move from move one."]
[WhiteTitle "GM"]
[BlackTitle "FM"]
[WhiteFideId "1100106"]
[BlackFideId "1734687"]
[WhiteElo "2476"]
[BlackElo "2437"]

1. e4 c5 2. Nc3 Nc6 3. Nf3 d6 4. d4 cxd4 5. Nxd4 Nf6 6. Bc4 e6 7. Be3 Be7 8. Bb3 a6 9. O-O O-O 10.
f4 Na5 11. e5 Ne8 12. Qf3 Bd7 13. Rad1 Qc7 14. Nf5 exf5 15. Nd5 Bc6 16. Nxc7 Bxf3 17. Nxa8 Bxd1 18. Rxd1 Nxb3 19. axb3 f6 20.
e6 g6 21. Bb6 Ng7 22. Nc7 Bd8 23. Rxd6 Bxc7 24. Bxc7 Re8 25. Rb6 Nxe6 26. Rxb7 Rc8 27. Rb8 Rxb8 28. Bxb8 Nd4 29. c3 Nxb3 30.
Kf2 Kf7 31. Ke3 Ke6 32. Kd3 Na5 33. Ba7 g5 34. Be3 gxf4 35. Bxf4 Kd5 36. h3 h5 37. g3 Nc4 38. b3 Ne5+ 39.
Ke3 Ng6 40. c4+ Kc5 41. Kd3 Ne5+ 42. Kc3 Nf3 43. b4+ Kc6 44. Kb3 Ne5 45. Be3 Nd3 46. Kc3 Ne5 47. Bh6 Nf7 48. Bf4 Ne5 49.
Kb3 Nd3 50. Be3 Ne5 51. Bd4 Nf3 52. Be3 Ne5 53. h4 Ng4 54. Bd4 Ne5 55. Kc3 Ng4 56. Kd3 Ne5+ 57. Ke3 Nxc4+ 58. Kf4 Kd5 59.
Bxf6 Ke6 60. Bd4 Nd2 61. Bc3 Ne4 62. Ba1 Kf7 63. Kxf5 Nxg3+ 64. Kf4 Ne2+ 65. Kg5 Ng1 66. Kxh5 Nf3 67.
Kg4 Nxh4 68. Kxh4 Ke6 69. Bd4 a5 70. bxa5 Kd7 71. a6 Kc7 72. Ba7 Kc6 73. Bc5 Kc7 74. Bd6+ Kb6 75. a7 Kxa7 1/2-1/2